Atomiques vs Influenza
(R2)
Created - 7 mai 2016 at 19:06
Goals
|
Atomiques |
2 |
0 |
2 |
4 |
Influenza |
2 |
2 |
1 |
5 |
|
Shots
|
Atomiques |
12 |
9 |
8 |
29 |
Influenza |
14 |
8 |
11 |
33 |
|
1st period
1. Influenza , Zac Dalpe 2 (Mathieu Carle) at 5:07
2. Influenza , Evgeny Grachev 1 (T.J Galiardi, Robbie Earl) at 7:38
3. Atomiques , Tyler Kennedy 1 (Tyler Brenner, Brad Winchester) at 14:32
4. Atomiques , Brad Winchester 2 (Tyler Kennedy, Victor Hedman) at 15:44
Penalties :
Shawn Belle (STB) for Roughing (Minor) at 0:45, John Klingberg (VJB) for Holding (Minor) at 5:29
2nd period
5. Influenza , Robbie Earl 1 (Ryan Carter) at 2:18 (PP)
6. Influenza , Jeremy Morin 1 (T.J Galiardi) at 18:54
Penalties :
Victor Hedman (STB) for Hooking (Minor) at 2:16, Evgeny Grachev (VJB) for Hooking (Minor) at 3:07, T.J Galiardi (VJB) for Hooking (Minor) at 6:33, Alex Auld (STB) for Delaying the game (Minor) at 11:50 - Nick Johnson served the penalty, Marc-Antoine Pouliot (STB) for Tripping (Minor) at 19:23, Robbie Earl (VJB) for Hooking (Minor) at 19:26
3rd period
7. Atomiques , Brett Sutter 1 (Alex Berry, Victor Hedman) at 2:52
8. Atomiques , Tyler Brenner 1 (Tyler Kennedy, Brad Winchester) at 5:39 (PP)
9. Influenza , Martins Karsums 3 (Ryan Carter) at 8:12 (PP)
Penalties :
Zac Dalpe (VJB) for Roughing (Minor) at 5:25, Marc-Antoine Pouliot (STB) for Cross-checking (Minor) at 8:05, Jamie Benn (VJB) for Hooking (Minor) at 8:49, Alexander Sulzer (STB) for High sticking (Double Minor) at 13:21, Davis Drewiske (STB) for High sticking (Minor) at 18:59
Goalie Stats
Alex Auld (STB), 28 saves from 33 shots - (0,848), L, 0-1-0, 59:46 minutes
Alex Stalock (VJB), 25 saves from 29 shots - (0,862), W, 2-0-0, 60:00 minutes
Players Stats for Atomiques
Player Name G A P +/- PIM S H SB GA TA FO MP PP MP PK MP
------------------------------------------------------------------------------------
Alex Berry 0 1 1 0 0 1 0 0 0 0 0/0 6:28 0:00 0:00
Alexander Sulzer 0 0 0 1 4 2 1 2 0 1 0/0 27:31 4:51 3:02
Andrew Kozek 0 0 0 -1 0 0 0 0 0 0 0/0 9:49 0:01 1:35
Brad Winchester 1 2 3 2 0 6 2 0 1 0 6/12 25:29 4:45 4:34
Brett Sutter 1 0 1 0 0 2 1 0 1 0 3/3 6:47 0:00 0:19
Clayton Stoner 0 0 0 0 0 1 0 0 0 0 0/0 10:50 0:00 1:34
Davis Drewiske 0 0 0 -1 2 0 1 2 0 2 0/0 20:06 3:22 3:11
John McCarthy 0 0 0 0 0 0 0 0 0 0 0/0 6:28 0:00 0:00
Kenndal McArdle 0 0 0 -1 0 1 0 0 0 0 0/1 15:05 3:28 0:00
Kyle Wharton 0 0 0 0 0 0 1 2 0 1 0/0 12:41 0:00 2:51
Marc-André Cliche 0 0 0 -1 0 0 0 1 1 0 0/4 9:53 0:00 1:47
Marc-Antoine Pouliot 0 0 0 -1 4 1 1 0 0 0 4/12 15:03 3:28 0:00
Nick Johnson 0 0 0 -1 0 0 0 0 1 0 0/1 8:23 0:01 0:00
Ryan Shannon 0 0 0 -1 0 3 3 0 0 1 2/2 18:12 3:28 2:48
Shawn Belle 0 0 0 -1 2 1 1 2 1 0 0/0 21:06 3:22 3:04
Tyler Brenner 1 1 2 2 0 1 0 0 0 0 10/28 21:47 4:44 2:48
Tyler Kennedy 1 2 3 2 0 5 2 2 0 1 0/2 24:31 4:44 4:27
Victor Hedman 0 2 2 1 2 5 0 0 0 3 0/0 28:40 4:51 4:36
Players Stats for Influenza
Player Name G A P +/- PIM S H SB GA TA FO MP PP MP PK MP
------------------------------------------------------------------------------------
Andreas Engqvist 0 0 0 -2 0 0 0 0 0 0 1/1 5:59 0:00 0:00
Ben Smith 0 0 0 1 0 0 3 0 1 0 1/1 18:00 3:33 2:32
Brian Salcido 0 0 0 -1 0 0 0 0 0 1 0/0 8:22 0:32 0:31
Charlie Coyle 0 0 0 0 0 0 0 0 0 0 0/0 2:10 0:00 1:21
Colin McDonald 0 0 0 0 0 0 0 0 0 0 0/0 2:36 1:08 0:00
Corey Tropp 0 0 0 -2 0 1 0 0 0 0 0/0 5:59 0:00 0:00
Evgeny Grachev 1 0 1 2 2 3 1 0 1 1 4/5 9:02 0:00 0:00
Jamie Benn 0 0 0 1 2 2 3 1 0 1 0/1 16:45 3:21 0:38
Jeff May 0 0 0 -1 0 0 0 0 0 0 0/0 7:19 0:00 0:00
Jeremy Morin 1 0 1 2 0 1 2 0 0 0 0/0 9:21 0:25 0:00
Jimmy Bonneau 0 0 0 0 0 0 0 0 0 0 0/0 0:57 0:33 0:24
John Klingberg 0 0 0 -1 2 3 1 1 2 0 0/0 20:59 3:45 2:46
Jordan Schroeder 0 0 0 0 0 0 0 0 0 0 0/0 2:09 0:59 0:07
Martins Karsums 1 0 1 -1 0 5 1 3 0 0 7/12 23:39 4:41 4:26
Mathieu Carle 0 1 1 3 0 3 1 2 1 0 0/0 26:56 4:52 4:56
Matt Corrente 0 0 0 -1 0 0 1 2 0 0 0/0 21:29 3:45 3:17
Noah Welch 0 0 0 3 0 0 3 3 1 2 0/0 26:56 4:52 4:56
Oskars Bartulis 0 0 0 -1 0 0 0 1 0 0 0/0 3:44 0:00 0:00
Robbie Earl 1 1 2 -1 2 3 2 1 0 0 2/2 22:34 4:43 4:26
Ryan Carter 0 2 2 -1 0 5 4 0 0 0 19/31 20:11 4:33 2:32
Ryan Russell 0 0 0 -2 0 2 0 1 0 0 0/0 5:59 0:00 0:00
T.J Brodie 0 0 0 0 0 0 0 0 0 0 0/0 0:32 0:32 0:00
T.J Galiardi 0 2 2 2 2 0 1 0 0 0 0/0 8:59 0:00 0:00
Tim Erixon 0 0 0 -1 0 0 0 0 0 0 0/0 3:44 0:00 0:00
Zac Dalpe 1 0 1 1 2 5 3 1 3 0 6/12 15:24 3:30 0:00
3 Stars
1 - Tyler Kennedy (STB)
2 - Brad Winchester (STB)
3 - Tyler Brenner (STB)
Power Play
Atomiques - 1 on 6 Attempt(s) - 16,67%
Influenza - 2 on 8 Attempt(s) - 25,00%
Penalty Kill
Atomiques - 6 on 8 Attempt(s) - 75,00%
- Score 0 goal in Penalty Kill
Influenza - 5 on 6 Attempt(s) - 83,33%
- Score 0 goal in Penalty Kill
Team Stat
Atomiques - Hits : 13 - Faceoff Wins : 25 - Blocked Shots : 11 - Penalty Minutes : 14
Influenza - Hits : 26 - Faceoff Wins : 40 - Blocked Shots : 16 - Penalty Minutes : 12
Official
Referees : Pollock Kevin and Fraser Kerry
Linesman : Brad Kovachik and Mark Wheler
Game Notes
No Game Note
Finance
Level 1 -- Attendance: 1637 (81,85%) -- Ticket Income 65 480 $
Level 2 -- Attendance: 809 (80,90%) -- Ticket Income 16 180 $
Total Attendance: 2446 (81,53%)
Total Ticket Income: 81 660 $
Other Income: 4 083 $
Total Income: 85 743 $
Atomiques
5 vs 5 Forward
Center Left Wing Right Wing Time % Phy DF OF
1 Tyler Brenner Brad Winchester Tyler Kennedy 40 1 2 2
2 Marc-Antoine Pouliot Kenndal McArdle Ryan Shannon 30 1 2 2
3 Marc-André Cliche Andrew Kozek Nick Johnson 20 1 2 2
4 Brett Sutter John McCarthy Alex Berry 10 1 2 2
5 vs 5 Defense
Defense Defense Time % Phy DF OF
1 Alexander Sulzer Victor Hedman 40 1 2 2
2 Shawn Belle Davis Drewiske 30 1 2 2
3 Clayton Stoner Kyle Wharton 20 1 2 2
4 Alexander Sulzer Victor Hedman 10 1 2 2
PowerPlay Forward
Center Left Wing Right Wing Time % Phy DF OF
1 Tyler Brenner Brad Winchester Tyler Kennedy 60 1 2 2
2 Marc-Antoine Pouliot Kenndal McArdle Ryan Shannon 40 1 2 2
PowerPlay Defense
Defense Defense Time % Phy DF OF
1 Alexander Sulzer Victor Hedman 60 1 2 2
2 Shawn Belle Davis Drewiske 40 1 2 2
Penalty Kill 4 Players Forward
Center Wing Time % Phy DF OF
1 Brad Winchester Tyler Kennedy 60 1 2 2
2 Ryan Shannon Tyler Brenner 40 1 2 2
Penalty Kill 4 Players Defense
Defense Defense Time % Phy DF OF
1 Alexander Sulzer Victor Hedman 60 1 2 2
2 Shawn Belle Davis Drewiske 40 1 2 2
Penalty Kill - 3 Players Forward
Forward Time % Phy DF OF
1 Brad Winchester 60 1 2 2
2 Tyler Kennedy 40 1 2 2
Penalty Kill - 3 Players Defense
Defense Defense Time % Phy DF OF
1 Alexander Sulzer Victor Hedman 60 1 2 2
2 Shawn Belle Davis Drewiske 40 1 2 2
4 vs 4 Forward
Center Wing Time % Phy DF OF
1 Brad Winchester Tyler Kennedy 60 1 2 2
2 Ryan Shannon Tyler Brenner 40 1 2 2
4 vs 4 Defense
Defense Defense Time % Phy DF OF
1 Alexander Sulzer Victor Hedman 60 1 2 2
2 Shawn Belle Davis Drewiske 40 1 2 2
Last Minutes Offensive
Center Left Wing Right Wing Defense Defense
Tyler Brenner Brad Winchester Tyler Kennedy Alexander Sulzer Victor Hedman
Last Minutes Defensive
Center Left Wing Right Wing Defense Defense
Tyler Brenner Brad Winchester Tyler Kennedy Alexander Sulzer Victor Hedman
Goaltenders
Starting : Alex Auld
Backup : Sergei Bobrovsky
Extra Forwards
Normal : Nick Johnson, Andrew Kozek, Marc-André Cliche - PP : Nick Johnson, Andrew Kozek - PK : Marc-André Cliche
Extra Defensemen
Normal : Clayton Stoner, Kyle Wharton, Shawn Belle - PP : Clayton Stoner - PK : Kyle Wharton, Shawn Belle
Penalty Shots
Brad Winchester, Tyler Kennedy, Ryan Shannon, Tyler Brenner, Marc-Antoine Pouliot
Influenza
5 vs 5 Forward
Center Left Wing Right Wing Time % Phy DF OF
1 Ryan Carter Robbie Earl Martins Karsums 40 1 2 2
2 Zac Dalpe Jamie Benn Ben Smith 30 1 2 2
3 Evgeny Grachev T.J Galiardi Jeremy Morin 20 1 2 2
4 Andreas Engqvist Ryan Russell Corey Tropp 10 1 2 2
5 vs 5 Defense
Defense Defense Time % Phy DF OF
1 Noah Welch Mathieu Carle 40 1 2 2
2 John Klingberg Matt Corrente 30 1 2 2
3 Brian Salcido Jeff May 20 1 2 2
4 Oskars Bartulis Tim Erixon 10 1 2 2
PowerPlay Forward
Center Left Wing Right Wing Time % Phy DF OF
1 Ryan Carter Robbie Earl Martins Karsums 60 1 2 2
2 Zac Dalpe Jamie Benn Ben Smith 40 1 2 2
PowerPlay Defense
Defense Defense Time % Phy DF OF
1 Noah Welch Mathieu Carle 60 1 2 2
2 John Klingberg Matt Corrente 40 1 2 2
Penalty Kill 4 Players Forward
Center Wing Time % Phy DF OF
1 Martins Karsums Robbie Earl 60 1 2 2
2 Ryan Carter Ben Smith 40 1 2 2
Penalty Kill 4 Players Defense
Defense Defense Time % Phy DF OF
1 Noah Welch Mathieu Carle 60 1 2 2
2 John Klingberg Matt Corrente 40 1 2 2
Penalty Kill - 3 Players Forward
Forward Time % Phy DF OF
1 Martins Karsums 60 1 2 2
2 Robbie Earl 40 1 2 2
Penalty Kill - 3 Players Defense
Defense Defense Time % Phy DF OF
1 Noah Welch Mathieu Carle 60 1 2 2
2 John Klingberg Matt Corrente 40 1 2 2
4 vs 4 Forward
Center Wing Time % Phy DF OF
1 Martins Karsums Robbie Earl 60 1 2 2
2 Ryan Carter Ben Smith 40 1 2 2
4 vs 4 Defense
Defense Defense Time % Phy DF OF
1 Noah Welch Mathieu Carle 60 1 2 2
2 John Klingberg Matt Corrente 40 1 2 2
Last Minutes Offensive
Center Left Wing Right Wing Defense Defense
Ryan Carter Robbie Earl Martins Karsums Noah Welch Mathieu Carle
Last Minutes Defensive
Center Left Wing Right Wing Defense Defense
Ryan Carter Robbie Earl Martins Karsums Noah Welch Mathieu Carle
Goaltenders
Starting : Alex Stalock
Backup : Thomas McCollum
Extra Forwards
Normal : Colin McDonald, Jordan Schroeder, Charlie Coyle - PP : Colin McDonald, Jordan Schroeder - PK : Charlie Coyle
Extra Defensemen
Normal : T.J Brodie, Brian Salcido, Jeff May - PP : T.J Brodie - PK : Brian Salcido, Jeff May
Penalty Shots
Martins Karsums, Robbie Earl, Ryan Carter, Ben Smith, Jamie Benn
% Time on Ice - Atomiques
Lines # - Real PCT - Wanted PCT - Time Play
Normal Forward
1 - 37% - 40% - 14:57
2 - 29% - 30% - 11:37
3 - 19% - 20% - 7:30
4 - 16% - 10% - 6:28
Normal Defense
1 - 43% - 40% - 17:25
2 - 32% - 30% - 12:53
3 - 22% - 20% - 9:06
4 - 3% - 10% - 1:08
PP Forward
1 - 58% - 60% - 4:45
2 - 42% - 40% - 3:28
PP Defense
1 - 59% - 60% - 4:51
2 - 41% - 40% - 3:22
PK Forward
1 - 69% - 60% - 6:21
2 - 31% - 40% - 2:48
PK Defense
1 - 62% - 60% - 5:41
2 - 38% - 40% - 3:28
PK3 Forward
1 - 0% - 60%
2 - 0% - 40%
PK3 Defense
1 - 0% - 60%
2 - 0% - 40%
44 Forward
1 - 84% - 60% - 1:37
2 - 16% - 40% - 0:19
44 Defense
1 - 73% - 60% - 1:25
2 - 27% - 40% - 0:31
Last Minute Offensive - 0:10
Last Minute Defensive - 0:00
Total
Forward - 60:00
Defense - 60:00
|
% Time on Ice - Influenza
Lines # - Real PCT - Wanted PCT - Time Play
Normal Forward
1 - 33% - 40% - 13:27
2 - 30% - 30% - 12:11
3 - 22% - 20% - 8:56
4 - 15% - 10% - 5:59
Normal Defense
1 - 39% - 40% - 15:47
2 - 34% - 30% - 13:43
3 - 18% - 20% - 7:19
4 - 9% - 10% - 3:44
PP Forward
1 - 59% - 60% - 5:26
2 - 41% - 40% - 3:43
PP Defense
1 - 59% - 60% - 5:24
2 - 41% - 40% - 3:45
PK Forward
1 - 69% - 60% - 5:41
2 - 31% - 40% - 2:32
PK Defense
1 - 60% - 60% - 4:56
2 - 40% - 40% - 3:17
PK3 Forward
1 - 0% - 60%
2 - 0% - 40%
PK3 Defense
1 - 0% - 60%
2 - 0% - 40%
44 Forward
1 - 100% - 60% - 1:56
2 - 0% - 40% - 0:00
44 Defense
1 - 70% - 60% - 1:21
2 - 30% - 40% - 0:35
Last Minute Offensive - 0:00
Last Minute Defensive - 0:09
Total
Forward - 60:00
Defense - 60:00
|
Play by Play
1st period
0:01 of 1st period - Ryan Carter wins face-off versus Tyler Brenner in neutral zone.
0:08 of 1st period - Wrist shot by Robbie Earl.
0:08 of 1st period - Stopped by Alex Auld with a rebound.
0:45 of 1st period - Minor Penalty to Shawn Belle for Roughing.
0:46 of 1st period - Brad Winchester wins face-off versus Ryan Carter in Atomiques zone.
1:18 of 1st period - Slapshot by Martins Karsums.
1:18 of 1st period - Deflect By Victor Hedman.
1:18 of 1st period - Stopped by Alex Auld without a rebound.
1:19 of 1st period - Zac Dalpe wins face-off versus Brad Winchester in Atomiques zone.
1:29 of 1st period - Wrist shot by Zac Dalpe.
1:29 of 1st period - Stopped by Alex Auld with a rebound.
1:56 of 1st period - Ryan Shannon is hit by Jamie Benn and loses puck.
2:45 of 1st period - Penalty to Shawn Belle is over, Shawn Belle is back on ice.
3:43 of 1st period - Kyle Wharton is hit by Zac Dalpe and loses puck.
3:53 of 1st period - Off-side.
3:54 of 1st period - Evgeny Grachev wins face-off versus Nick Johnson in neutral zone.
3:57 of 1st period - Clayton Stoner is hit by Jeremy Morin and loses puck.
4:22 of 1st period - Slapshot by Brett Sutter.
4:22 of 1st period - Stopped by Alex Stalock without a rebound.
4:23 of 1st period - Brett Sutter wins face-off versus Zac Dalpe in Influenza zone.
4:26 of 1st period - Snap shot by Brett Sutter.
4:26 of 1st period - Shot Misses the Net.
4:40 of 1st period - Noah Welch is hit by Davis Drewiske and loses puck.
4:47 of 1st period - Noah Welch is hit by Brett Sutter and loses puck.
4:54 of 1st period - Shawn Belle is hit by Ben Smith and loses puck.
5:07 of 1st period - Snap shot by Zac Dalpe.
5:07 of 1st period - Goal by Zac Dalpe - Atomiques : 0 - Influenza : 1.
5:08 of 1st period - Tyler Brenner wins face-off versus Ryan Carter in neutral zone.
5:11 of 1st period - Snap shot by Tyler Kennedy.
5:11 of 1st period - Stopped by Alex Stalock without a rebound.
5:12 of 1st period - Brad Winchester wins face-off versus Ryan Carter in Influenza zone.
5:23 of 1st period - Wrist shot by Brad Winchester.
5:23 of 1st period - Shot Blocked by Matt Corrente.
5:25 of 1st period - Snap shot by Brad Winchester.
5:25 of 1st period - Deflect By Tyler Kennedy.
5:25 of 1st period - Shot Misses the Net.
5:25 of 1st period - Puck is out of play.
5:26 of 1st period - Ryan Carter wins face-off versus Marc-Antoine Pouliot in Influenza zone.
5:26 of 1st period - Ryan Carter is hit by Ryan Shannon.
5:29 of 1st period - Minor Penalty to John Klingberg for Holding.
5:30 of 1st period - Tyler Brenner wins face-off versus Martins Karsums in Influenza zone.
5:30 of 1st period - Wrist shot by Tyler Kennedy.
5:30 of 1st period - Shot Misses the Net.
5:32 of 1st period - Wrist shot by Tyler Kennedy.
5:32 of 1st period - Stopped by Alex Stalock with a rebound.
5:34 of 1st period - Slapshot by Victor Hedman.
5:34 of 1st period - Shot Blocked by Noah Welch.
5:36 of 1st period - Snap shot by Alexander Sulzer.
5:36 of 1st period - Shot Blocked by Robbie Earl.
5:38 of 1st period - Snap shot by Alexander Sulzer.
5:38 of 1st period - Shot Blocked by Martins Karsums.
5:40 of 1st period - Wrist shot by Brad Winchester.
5:40 of 1st period - Stopped by Alex Stalock without a rebound.
5:41 of 1st period - Tyler Brenner wins face-off versus Martins Karsums in Influenza zone.
5:48 of 1st period - Snap shot by Brad Winchester.
5:48 of 1st period - Shot Misses the Net.
5:50 of 1st period - Wrist shot by Tyler Kennedy.
5:50 of 1st period - Shot Blocked by Noah Welch.
5:52 of 1st period - Wrist shot by Tyler Brenner.
5:52 of 1st period - Shot Blocked by Martins Karsums.
5:54 of 1st period - Slapshot by Victor Hedman.
5:54 of 1st period - Shot Misses the Net.
5:56 of 1st period - Backhand shot by Brad Winchester.
5:56 of 1st period - Shot Misses the Net.
6:17 of 1st period - Wrist shot by Ryan Carter.
6:17 of 1st period - Deflect By Ben Smith.
6:17 of 1st period - Shot Blocked by Alexander Sulzer.
6:17 of 1st period - Puck is out of play.
6:18 of 1st period - Ryan Carter wins face-off versus Tyler Brenner in Atomiques zone.
6:29 of 1st period - Wrist shot by Ryan Carter.
6:29 of 1st period - Stopped by Alex Auld with a rebound.
6:31 of 1st period - Backhand shot by Noah Welch.
6:31 of 1st period - Shot Blocked by Tyler Kennedy.
6:51 of 1st period - Wrist shot by Ryan Carter.
6:51 of 1st period - Shot Misses the Net.
6:53 of 1st period - Wrist shot by Ben Smith.
6:53 of 1st period - Shot Blocked by Shawn Belle.
6:55 of 1st period - Snap shot by Matt Corrente.
6:55 of 1st period - Shot Misses the Net.
6:57 of 1st period - Snap shot by Ryan Carter.
6:57 of 1st period - Stopped by Alex Auld without a rebound.
6:58 of 1st period - Marc-Antoine Pouliot wins face-off versus Martins Karsums in Atomiques zone.
6:58 of 1st period - Marc-Antoine Pouliot is hit by Robbie Earl.
7:06 of 1st period - Slapshot by Victor Hedman.
7:06 of 1st period - Stopped by Alex Stalock with a rebound.
7:29 of 1st period - Penalty to John Klingberg is over, John Klingberg is back on ice.
7:38 of 1st period - Snap shot by Evgeny Grachev.
7:38 of 1st period - Goal by Evgeny Grachev - Atomiques : 0 - Influenza : 2.
7:39 of 1st period - Ryan Carter wins face-off versus Tyler Brenner in neutral zone.
8:04 of 1st period - Ryan Shannon is hit by Ben Smith and loses puck.
8:45 of 1st period - Slapshot by Mathieu Carle.
8:45 of 1st period - Stopped by Alex Auld with a rebound.
8:47 of 1st period - Wrist shot by Corey Tropp.
8:47 of 1st period - Stopped by Alex Auld without a rebound.
8:48 of 1st period - Andreas Engqvist wins face-off versus Tyler Brenner in Atomiques zone.
8:57 of 1st period - Snap shot by Brad Winchester.
8:57 of 1st period - Stopped by Alex Stalock without a rebound.
8:58 of 1st period - Ryan Carter wins face-off versus Tyler Brenner in Influenza zone.
9:11 of 1st period - Slapshot by Martins Karsums.
9:11 of 1st period - Stopped by Alex Auld with a rebound.
10:32 of 1st period - Tyler Kennedy is hit by Ryan Carter and loses puck.
10:53 of 1st period - Ben Smith is hit by Marc-Antoine Pouliot and loses puck.
11:00 of 1st period - Wrist shot by Kenndal McArdle.
11:00 of 1st period - Shot Blocked by Jamie Benn.
11:16 of 1st period - Snap shot by Evgeny Grachev.
11:16 of 1st period - Stopped by Alex Auld without a rebound.
11:17 of 1st period - Tyler Brenner wins face-off versus Ryan Carter in Atomiques zone.
11:44 of 1st period - Victor Hedman is hit by Mathieu Carle.
11:50 of 1st period - Snap shot by Ryan Shannon.
11:50 of 1st period - Stopped by Alex Stalock without a rebound.
11:51 of 1st period - Ryan Carter wins face-off versus Tyler Kennedy in Influenza zone.
11:51 of 1st period - Ryan Carter is hit by Tyler Kennedy.
12:04 of 1st period - Wrist shot by Ryan Carter.
12:04 of 1st period - Stopped by Alex Auld with a rebound.
12:06 of 1st period - Wrist shot by Martins Karsums.
12:06 of 1st period - Deflect By Ryan Carter.
12:06 of 1st period - Shot Misses the Net.
12:06 of 1st period - Puck is out of play.
12:07 of 1st period - Zac Dalpe wins face-off versus Marc-Antoine Pouliot in Atomiques zone.
12:34 of 1st period - Off-side.
12:35 of 1st period - Ryan Carter wins face-off versus Tyler Brenner in neutral zone.
12:50 of 1st period - Snap shot by Tyler Kennedy.
12:50 of 1st period - Shot Hit the Post.
13:00 of 1st period - Wrist shot by Kenndal McArdle.
13:00 of 1st period - Stopped by Alex Stalock with a rebound.
13:12 of 1st period - Wrist shot by Marc-Antoine Pouliot.
13:12 of 1st period - Shot Misses the Net.
13:32 of 1st period - Snap shot by Ryan Carter.
13:32 of 1st period - Stopped by Alex Auld with a rebound.
13:54 of 1st period - Snap shot by Zac Dalpe.
13:54 of 1st period - Stopped by Alex Auld with a rebound.
14:32 of 1st period - Wrist shot by Tyler Brenner.
14:32 of 1st period - Deflect By Tyler Kennedy.
14:32 of 1st period - Goal by Tyler Kennedy - Atomiques : 1 - Influenza : 2.
14:33 of 1st period - Ryan Shannon wins face-off versus Evgeny Grachev in neutral zone.
15:02 of 1st period - Wrist shot by Jamie Benn.
15:02 of 1st period - Shot Misses the Net.
15:44 of 1st period - Snap shot by Brad Winchester.
15:44 of 1st period - Goal by Brad Winchester - Atomiques : 2 - Influenza : 2.
15:45 of 1st period - Tyler Brenner wins face-off versus Ryan Carter in neutral zone.
15:45 of 1st period - Tyler Brenner is hit by Robbie Earl.
16:16 of 1st period - Andrew Kozek is hit by Ryan Carter.
16:27 of 1st period - Off-side.
16:28 of 1st period - Marc-Antoine Pouliot wins face-off versus Jamie Benn in neutral zone.
16:35 of 1st period - Snap shot by Marc-Antoine Pouliot.
16:35 of 1st period - Shot Misses the Net.
16:43 of 1st period - Slapshot by Ben Smith.
16:43 of 1st period - Shot Misses the Net.
17:03 of 1st period - Slapshot by Brad Winchester.
17:03 of 1st period - Shot Misses the Net.
17:05 of 1st period - Snap shot by Alexander Sulzer.
17:05 of 1st period - Stopped by Alex Stalock with a rebound.
17:45 of 1st period - Davis Drewiske is hit by Ben Smith and loses puck.
18:00 of 1st period - Ryan Carter is hit by Ryan Shannon and loses puck.
19:04 of 1st period - Slapshot by Victor Hedman.
19:04 of 1st period - Stopped by Alex Stalock with a rebound.
19:21 of 1st period - Brett Sutter is hit by Matt Corrente and loses puck.
19:36 of 1st period - Snap shot by Corey Tropp.
19:36 of 1st period - Shot Blocked by Shawn Belle.
19:38 of 1st period - Snap shot by Ryan Russell.
19:38 of 1st period - Shot Misses the Net.
19:40 of 1st period - Snap shot by Corey Tropp.
19:40 of 1st period - Shot Blocked by Davis Drewiske.
19:42 of 1st period - Wrist shot by Andreas Engqvist.
19:42 of 1st period - Shot Misses the Net.
Goals for this period are 2 for Atomiques vs 2 for Influenza.
Shots for this period are 12 for Atomiques vs 14 for Influenza.
2nd period
0:01 of 2nd period - Martins Karsums wins face-off versus Tyler Brenner in neutral zone.
0:04 of 2nd period - Wrist shot by Ryan Carter.
0:04 of 2nd period - Shot Misses the Net.
0:06 of 2nd period - Snap shot by Martins Karsums.
0:06 of 2nd period - Shot Blocked by Alexander Sulzer.
0:08 of 2nd period - Snap shot by Ryan Carter.
0:08 of 2nd period - Stopped by Alex Auld without a rebound.
0:09 of 2nd period - Tyler Brenner wins face-off versus Martins Karsums in Atomiques zone.
0:14 of 2nd period - Matt Corrente is hit by Tyler Kennedy and loses puck.
0:23 of 2nd period - Wrist shot by Robbie Earl.
0:23 of 2nd period - Shot Misses the Net.
0:25 of 2nd period - Slapshot by Matt Corrente.
0:25 of 2nd period - Shot Misses the Net.
0:27 of 2nd period - Slapshot by Martins Karsums.
0:27 of 2nd period - Shot Misses the Net.
0:29 of 2nd period - Wrist shot by John Klingberg.
0:29 of 2nd period - Stopped by Alex Auld without a rebound.
0:30 of 2nd period - Ben Smith wins face-off versus Kenndal McArdle in Atomiques zone.
0:36 of 2nd period - Wrist shot by Jamie Benn.
0:36 of 2nd period - Shot Misses the Net.
0:38 of 2nd period - Slapshot by Mathieu Carle.
0:38 of 2nd period - Shot Blocked by Davis Drewiske.
0:40 of 2nd period - Slapshot by Mathieu Carle.
0:40 of 2nd period - Deflect By Ben Smith.
0:40 of 2nd period - Shot Misses the Net.
0:40 of 2nd period - Puck is out of play.
0:41 of 2nd period - Robbie Earl wins face-off versus Tyler Brenner in Atomiques zone.
1:07 of 2nd period - Brad Winchester is hit by Evgeny Grachev and loses puck.
1:32 of 2nd period - Snap shot by Tyler Kennedy.
1:32 of 2nd period - Stopped by Alex Stalock with a rebound.
1:34 of 2nd period - Wrist shot by Tyler Brenner.
1:34 of 2nd period - Shot Misses the Net.
1:48 of 2nd period - Wrist shot by Brad Winchester.
1:48 of 2nd period - Stopped by Alex Stalock without a rebound.
1:49 of 2nd period - Ryan Carter wins face-off versus Marc-Antoine Pouliot in Influenza zone.
2:16 of 2nd period - Minor Penalty to Victor Hedman for Hooking.
2:17 of 2nd period - Ryan Carter wins face-off versus Brad Winchester in Atomiques zone.
2:18 of 2nd period - Wrist shot by Robbie Earl.
2:18 of 2nd period - Goal by Robbie Earl - Atomiques : 2 - Influenza : 3.
2:19 of 2nd period - Robbie Earl wins face-off versus Marc-Antoine Pouliot in neutral zone.
2:44 of 2nd period - Snap shot by T.J Galiardi.
2:44 of 2nd period - Shot Misses the Net.
3:00 of 2nd period - Wrist shot by Marc-Antoine Pouliot.
3:00 of 2nd period - Shot Hit the Post.
3:02 of 2nd period - Slapshot by Victor Hedman.
3:02 of 2nd period - Shot Misses the Net.
3:07 of 2nd period - Minor Penalty to Evgeny Grachev for Hooking.
3:08 of 2nd period - Martins Karsums wins face-off versus Tyler Brenner in Influenza zone.
3:18 of 2nd period - Wrist shot by Brad Winchester.
3:18 of 2nd period - Deflect By Tyler Brenner.
3:18 of 2nd period - Shot Blocked by Mathieu Carle.
3:18 of 2nd period - Puck is out of play.
3:19 of 2nd period - Martins Karsums wins face-off versus Tyler Brenner in Influenza zone.
5:07 of 2nd period - Penalty to Evgeny Grachev is over, Evgeny Grachev is back on ice.
5:27 of 2nd period - Snap shot by Corey Tropp.
5:27 of 2nd period - Shot Blocked by Marc-André Cliche.
5:45 of 2nd period - Snap shot by Brett Sutter.
5:45 of 2nd period - Shot Misses the Net.
5:47 of 2nd period - Slapshot by Clayton Stoner.
5:47 of 2nd period - Stopped by Alex Stalock without a rebound.
5:48 of 2nd period - Brett Sutter wins face-off versus Zac Dalpe in Influenza zone.
6:01 of 2nd period - Snap shot by Zac Dalpe.
6:01 of 2nd period - Shot Blocked by Kyle Wharton.
6:03 of 2nd period - Wrist shot by John Klingberg.
6:03 of 2nd period - Shot Blocked by Kyle Wharton.
6:33 of 2nd period - Minor Penalty to T.J Galiardi for Hooking.
6:34 of 2nd period - Martins Karsums wins face-off versus Tyler Brenner in Influenza zone.
6:49 of 2nd period - Snap shot by Victor Hedman.
6:49 of 2nd period - Stopped by Alex Stalock with a rebound.
8:32 of 2nd period - Alexander Sulzer is hit by Jamie Benn.
8:33 of 2nd period - Penalty to T.J Galiardi is over, T.J Galiardi is back on ice.
8:52 of 2nd period - Slapshot by Noah Welch.
8:52 of 2nd period - Shot Misses the Net.
9:19 of 2nd period - Icing by Kyle Wharton.
9:20 of 2nd period - Zac Dalpe wins face-off versus Marc-André Cliche in Atomiques zone.
9:45 of 2nd period - Tyler Kennedy is hit by Martins Karsums and loses puck.
10:06 of 2nd period - Slapshot by Victor Hedman.
10:06 of 2nd period - Stopped by Alex Stalock with a rebound.
10:15 of 2nd period - Icing by Victor Hedman.
10:16 of 2nd period - Brett Sutter wins face-off versus Zac Dalpe in Atomiques zone.
10:49 of 2nd period - Snap shot by Tyler Kennedy.
10:49 of 2nd period - Stopped by Alex Stalock with a rebound.
10:51 of 2nd period - Snap shot by Victor Hedman.
10:51 of 2nd period - Stopped by Alex Stalock with a rebound.
10:53 of 2nd period - Slapshot by Alexander Sulzer.
10:53 of 2nd period - Shot Blocked by Martins Karsums.
10:55 of 2nd period - Snap shot by Brad Winchester.
10:55 of 2nd period - Stopped by Alex Stalock with a rebound.
11:13 of 2nd period - Wrist shot by Evgeny Grachev.
11:13 of 2nd period - Shot Misses the Net.
11:15 of 2nd period - Slapshot by Mathieu Carle.
11:15 of 2nd period - Stopped by Alex Auld without a rebound.
11:16 of 2nd period - Tyler Brenner wins face-off versus Zac Dalpe in Atomiques zone.
11:16 of 2nd period - Tyler Brenner is hit by John Klingberg.
11:50 of 2nd period - Wrist shot by Zac Dalpe.
11:50 of 2nd period - Stopped by Alex Auld without a rebound.
11:50 of 2nd period - Minor Penalty to Alex Auld for Delaying the game.
11:51 of 2nd period - Ryan Carter wins face-off versus Brad Winchester in Atomiques zone.
11:52 of 2nd period - Slapshot by Mathieu Carle.
11:52 of 2nd period - Shot Misses the Net.
12:51 of 2nd period - Shawn Belle is hit by Zac Dalpe and loses puck.
13:50 of 2nd period - Penalty to Nick Johnson is over, Nick Johnson is back on ice.
14:10 of 2nd period - T.J Galiardi is hit by Shawn Belle and loses puck.
15:05 of 2nd period - Brian Salcido is hit by Kyle Wharton.
15:23 of 2nd period - Snap shot by Ryan Shannon.
15:23 of 2nd period - Shot Misses the Net.
15:27 of 2nd period - Slapshot by Ryan Shannon.
15:27 of 2nd period - Stopped by Alex Stalock without a rebound.
15:28 of 2nd period - Zac Dalpe wins face-off versus Marc-André Cliche in Influenza zone.
15:37 of 2nd period - Wrist shot by Ben Smith.
15:37 of 2nd period - Shot Misses the Net.
15:39 of 2nd period - Snap shot by Ben Smith.
15:39 of 2nd period - Deflect By Victor Hedman.
15:39 of 2nd period - Shot Misses the Net.
15:39 of 2nd period - Puck is out of play.
15:40 of 2nd period - Tyler Brenner wins face-off versus Ryan Carter in Atomiques zone.
16:11 of 2nd period - Snap shot by Evgeny Grachev.
16:11 of 2nd period - Stopped by Alex Auld without a rebound.
16:12 of 2nd period - Evgeny Grachev wins face-off versus Marc-Antoine Pouliot in Atomiques zone.
16:28 of 2nd period - Snap shot by Davis Drewiske.
16:28 of 2nd period - Deflect By Marc-Antoine Pouliot.
16:28 of 2nd period - Shot Misses the Net.
16:28 of 2nd period - Puck is out of play.
16:29 of 2nd period - Tyler Brenner wins face-off versus Ryan Carter in Influenza zone.
16:30 of 2nd period - Snap shot by Brad Winchester.
16:30 of 2nd period - Shot Misses the Net.
16:38 of 2nd period - Victor Hedman is hit by Ryan Carter and loses puck.
17:05 of 2nd period - Slapshot by Mathieu Carle.
17:05 of 2nd period - Shot Misses the Net.
18:00 of 2nd period - Wrist shot by Martins Karsums.
18:00 of 2nd period - Stopped by Alex Auld with a rebound.
18:08 of 2nd period - Slapshot by John Klingberg.
18:08 of 2nd period - Deflect By Ryan Carter.
18:08 of 2nd period - Shot Misses the Net.
18:08 of 2nd period - Puck is out of play.
18:09 of 2nd period - Marc-Antoine Pouliot wins face-off versus Zac Dalpe in Atomiques zone.
18:09 of 2nd period - Marc-Antoine Pouliot is hit by Noah Welch.
18:21 of 2nd period - Snap shot by Marc-Antoine Pouliot.
18:21 of 2nd period - Deflect By Jamie Benn.
18:21 of 2nd period - Shot Blocked by Zac Dalpe.
18:21 of 2nd period - Puck is out of play.
18:22 of 2nd period - Ryan Carter wins face-off versus Tyler Brenner in Influenza zone.
18:47 of 2nd period - Ryan Shannon is hit by Jeremy Morin and loses puck.
18:54 of 2nd period - Snap shot by Jeremy Morin.
18:54 of 2nd period - Goal by Jeremy Morin - Atomiques : 2 - Influenza : 4.
18:55 of 2nd period - Ryan Carter wins face-off versus Tyler Kennedy in neutral zone.
19:23 of 2nd period - Minor Penalty to Marc-Antoine Pouliot for Tripping.
19:24 of 2nd period - Ryan Carter wins face-off versus Brad Winchester in Atomiques zone.
19:26 of 2nd period - Minor Penalty to Robbie Earl for Hooking.
19:27 of 2nd period - Martins Karsums wins face-off versus Brad Winchester in Influenza zone.
Goals for this period are 0 for Atomiques vs 2 for Influenza.
Shots for this period are 9 for Atomiques vs 8 for Influenza.
3rd period
0:01 of 3rd period - Brad Winchester wins face-off versus Martins Karsums in neutral zone.
0:48 of 3rd period - Snap shot by Ryan Shannon.
0:48 of 3rd period - Shot Misses the Net.
1:23 of 3rd period - Penalty to Marc-Antoine Pouliot is over, Marc-Antoine Pouliot is back on ice.
1:26 of 3rd period - Penalty to Robbie Earl is over, Robbie Earl is back on ice.
1:37 of 3rd period - Snap shot by Brett Sutter.
1:37 of 3rd period - Shot Blocked by Noah Welch.
1:39 of 3rd period - Snap shot by Alex Berry.
1:39 of 3rd period - Stopped by Alex Stalock without a rebound.
1:40 of 3rd period - Evgeny Grachev wins face-off versus Marc-Antoine Pouliot in Influenza zone.
2:16 of 3rd period - Snap shot by Nick Johnson.
2:16 of 3rd period - Shot Blocked by John Klingberg.
2:30 of 3rd period - Snap shot by Ryan Carter.
2:30 of 3rd period - Shot Blocked by Tyler Kennedy.
2:36 of 3rd period - Snap shot by Zac Dalpe.
2:36 of 3rd period - Stopped by Alex Auld with a rebound.
2:38 of 3rd period - Wrist shot by Jamie Benn.
2:38 of 3rd period - Stopped by Alex Auld with a rebound.
2:40 of 3rd period - Snap shot by Ben Smith.
2:40 of 3rd period - Shot Misses the Net.
2:52 of 3rd period - Snap shot by Brett Sutter.
2:52 of 3rd period - Goal by Brett Sutter - Atomiques : 3 - Influenza : 4.
2:53 of 3rd period - Ryan Carter wins face-off versus Tyler Brenner in neutral zone.
3:59 of 3rd period - Snap shot by Ryan Shannon.
3:59 of 3rd period - Shot Blocked by Ryan Russell.
4:01 of 3rd period - Slapshot by Alexander Sulzer.
4:01 of 3rd period - Stopped by Alex Stalock without a rebound.
4:02 of 3rd period - Ryan Carter wins face-off versus Tyler Brenner in Influenza zone.
4:15 of 3rd period - Wrist shot by Robbie Earl.
4:15 of 3rd period - Stopped by Alex Auld with a rebound.
4:17 of 3rd period - Snap shot by John Klingberg.
4:17 of 3rd period - Stopped by Alex Auld with a rebound.
4:40 of 3rd period - Icing by Davis Drewiske.
4:41 of 3rd period - Ryan Carter wins face-off versus Marc-André Cliche in Atomiques zone.
5:25 of 3rd period - Minor Penalty to Zac Dalpe for Roughing.
5:26 of 3rd period - Martins Karsums wins face-off versus Tyler Brenner in Influenza zone.
5:37 of 3rd period - Wrist shot by Tyler Kennedy.
5:37 of 3rd period - Shot Misses the Net.
5:39 of 3rd period - Wrist shot by Tyler Brenner.
5:39 of 3rd period - Goal by Tyler Brenner - Atomiques : 4 - Influenza : 4.
5:40 of 3rd period - Tyler Brenner wins face-off versus Ryan Carter in neutral zone.
5:42 of 3rd period - Alexander Sulzer is hit by Noah Welch and loses puck.
5:49 of 3rd period - Snap shot by Tyler Kennedy.
5:49 of 3rd period - Shot Misses the Net.
6:10 of 3rd period - Davis Drewiske is hit by Jamie Benn and loses puck.
6:31 of 3rd period - Snap shot by Ryan Russell.
6:31 of 3rd period - Stopped by Alex Auld with a rebound.
7:10 of 3rd period - Icing by Tyler Brenner.
7:11 of 3rd period - Evgeny Grachev wins face-off versus Tyler Brenner in Atomiques zone.
7:53 of 3rd period - Snap shot by John Klingberg.
7:53 of 3rd period - Stopped by Alex Auld without a rebound.
7:54 of 3rd period - Ryan Shannon wins face-off versus Ryan Carter in Atomiques zone.
7:54 of 3rd period - Ryan Shannon is hit by Noah Welch.
8:05 of 3rd period - Minor Penalty to Marc-Antoine Pouliot for Cross-checking.
8:06 of 3rd period - Ryan Carter wins face-off versus Brad Winchester in Atomiques zone.
8:12 of 3rd period - Snap shot by Martins Karsums.
8:12 of 3rd period - Goal by Martins Karsums - Atomiques : 4 - Influenza : 5.
8:13 of 3rd period - Ryan Carter wins face-off versus Tyler Brenner in neutral zone.
8:24 of 3rd period - Backhand shot by Mathieu Carle.
8:24 of 3rd period - Stopped by Alex Auld with a rebound.
8:49 of 3rd period - Minor Penalty to Jamie Benn for Hooking.
8:50 of 3rd period - Martins Karsums wins face-off versus Tyler Brenner in Influenza zone.
9:06 of 3rd period - Wrist shot by Brad Winchester.
9:06 of 3rd period - Stopped by Alex Stalock with a rebound.
9:16 of 3rd period - Martins Karsums is hit by Alexander Sulzer and loses puck.
9:23 of 3rd period - Wrist shot by Marc-Antoine Pouliot.
9:23 of 3rd period - Shot Blocked by Mathieu Carle.
9:25 of 3rd period - Slapshot by Shawn Belle.
9:25 of 3rd period - Stopped by Alex Stalock with a rebound.
10:07 of 3rd period - John Klingberg is hit by Brad Winchester and loses puck.
10:49 of 3rd period - Penalty to Jamie Benn is over, Jamie Benn is back on ice.
11:17 of 3rd period - Snap shot by Ryan Russell.
11:17 of 3rd period - Stopped by Alex Auld without a rebound.
11:18 of 3rd period - Zac Dalpe wins face-off versus Marc-André Cliche in Atomiques zone.
11:31 of 3rd period - Wrist shot by Jamie Benn.
11:31 of 3rd period - Stopped by Alex Auld without a rebound.
11:32 of 3rd period - Ryan Carter wins face-off versus Marc-Antoine Pouliot in Atomiques zone.
11:39 of 3rd period - Wrist shot by Robbie Earl.
11:39 of 3rd period - Deflect By Martins Karsums.
11:39 of 3rd period - Stopped by Alex Auld without a rebound.
11:40 of 3rd period - Marc-Antoine Pouliot wins face-off versus Ryan Carter in Atomiques zone.
12:22 of 3rd period - John Klingberg is hit by Brad Winchester and loses puck.
12:43 of 3rd period - Wrist shot by Brad Winchester.
12:43 of 3rd period - Shot Blocked by Matt Corrente.
12:50 of 3rd period - Icing by Ben Smith.
12:51 of 3rd period - Zac Dalpe wins face-off versus Marc-Antoine Pouliot in Influenza zone.
12:51 of 3rd period - Zac Dalpe is hit by Ryan Shannon.
13:19 of 3rd period - Alexander Sulzer is hit by Zac Dalpe and loses puck.
13:21 of 3rd period - Double Minor Penalty to Alexander Sulzer for High sticking.
13:22 of 3rd period - Brad Winchester wins face-off versus Ryan Carter in Atomiques zone.
13:57 of 3rd period - Snap shot by Ryan Shannon.
13:57 of 3rd period - Stopped by Alex Stalock with a rebound.
14:04 of 3rd period - Off-side.
14:05 of 3rd period - Brad Winchester wins face-off versus Zac Dalpe in neutral zone.
14:41 of 3rd period - Tyler Brenner is hit by Ryan Carter and loses puck.
17:21 of 3rd period - Penalty to Alexander Sulzer is over, Alexander Sulzer is back on ice.
17:38 of 3rd period - Shawn Belle is hit by T.J Galiardi and loses puck.
17:55 of 3rd period - Slapshot by Ryan Shannon.
17:55 of 3rd period - Shot Blocked by Oskars Bartulis.
17:57 of 3rd period - Slapshot by Shawn Belle.
17:57 of 3rd period - Shot Misses the Net.
17:59 of 3rd period - Slapshot by Shawn Belle.
17:59 of 3rd period - Shot Misses the Net.
18:01 of 3rd period - Wrist shot by Marc-Antoine Pouliot.
18:01 of 3rd period - Stopped by Alex Stalock with a rebound.
18:46 of 3rd period - Atomiques, Alex Auld is pulled from the net.
18:59 of 3rd period - Minor Penalty to Davis Drewiske for High sticking.
19:00 of 3rd period - Alex Auld from Atomiques was sent back in the game.
19:00 of 3rd period - Brad Winchester wins face-off versus Ryan Carter in Atomiques zone.
Goals for this period are 2 for Atomiques vs 1 for Influenza.
Shots for this period are 8 for Atomiques vs 11 for Influenza.
Back to the Top